Unix NetHack Version 5.0.0-0 post-release - last build May  4 2026 22:22:43 (774f63e81ad911689b3a0859ea89b322d5daca8d,branch:main).

Game began 2026-05-09 11:21:04, ended 2026-05-09 11:30:11.

GdeVolpiano, neutral female human Tourist

                 --       ------
  ---- | ----   --.      --....|
  |........... --...-    |.....--
     ................    |......--
            ..........  --.....<.|
               -......#--..---...|
              --.G...G.hf.-- |...|
        -...............@--  -----
        -- ----- -- |.|..|
                    ------
GdeVolpiano the Sightseer   St:10 Dx:10 Co:16 In:14 Wi:10 Ch:16  Neutral
Dlvl:5  $:417 HP:0(32) Pw:14(14) AC:6  Xp:4 T:948 

Latest messages:
 You drop a curved sword.
 Heliodore drops a crude dagger.
 You descend the stairs.
 You see here a blue gem.
 J - a blue gem.
 In what direction?
 The dart hits the dwarf.
 In what direction?
 You kill the dwarf!
 The gnome lord picks up a hooded cloak.
 In what direction?
 The dart hits the gnome lord.
 In what direction?
 The dart hits the gnome lord!
 In what direction?
 The dart hits the gnome lord.
 In what direction?
 You kill the gnome lord!
 Welcome to experience level 4.
 There is a gnome lord corpse here; eat it? [ynq] (n)
 This gnome lord corpse is fatty.
 You stop eating the gnome lord corpse.
 There is a partly eaten gnome lord corpse here; eat it? [ynq] (n)
 You resume your meal.
 The gnome lord picks up 3 +2 darts.
 You stop eating the gnome lord corpse.
 Heliodore bites the gnome lord.
 You miss the gnome lord.
 Heliodore misses the gnome lord.
 The gnome lord hits!
 You hit the gnome lord.
 Heliodore bites the gnome lord.
 The gnome lord hits Heliodore.
 The gnome lord hits!
 You miss the gnome lord.
 In what direction?
 You kill the gnome lord!
 Heliodore eats a dwarf corpse.
 There is a partly eaten gnome lord corpse here; eat it? [ynq] (n)
 You resume your meal.
 You finish eating the gnome lord corpse.
 K - a hooded cloak.
 The dwarf swings his broad pick.
 The dwarf just misses!
 You miss the dwarf.
 The dwarf swings his broad pick.
 The dwarf hits!
 You die...
 Do you want your possessions identified? [ynq] (y)
 Do you want to see your attributes? [ynq] (y)

Inventory:
 Coins    ('$')
  $ - 417 gold pieces
 Weapons  (')')
  a - 28 +2 darts (at the ready)
  y - a +0 silver spear
  o - a blessed +0 short sword (weapon in right hand)
 Armor    ('[')
  r - an uncursed +0 helmet (being worn)
  q - a blessed +1 pair of speed boots (being worn)
  s - an uncursed +0 shield of drain resistance (being worn)
  K - an uncursed +0 dwarvish cloak
  j - an uncursed +0 Hawaiian shirt with an orchid motif
 Comestibles  ('%')
  e - an uncursed fig
  B - an uncursed clove of garlic
  E - an uncursed cram ration
  d - an uncursed eucalyptus leaf
  c - 5 uncursed food rations
  f - an uncursed fortune cookie
  F - 2 uncursed tins of dried newt meat
 Scrolls  ('?')
  D - an uncursed scroll of amnesia
  t - an uncursed scroll of gold detection
  i - 4 uncursed scrolls of magic mapping
  w - a blessed scroll of teleportation
 Potions  ('!')
  h - 2 uncursed potions of extra healing
  A - an uncursed potion of gain energy
  x - an uncursed potion of gain level
  u - 2 uncursed potions of healing
 Rings    ('=')
  z - an uncursed +3 ring of increase accuracy
  v - an uncursed ring of protection from shape changers
 Tools    ('(')
  l - an uncursed credit card
  k - an expensive camera (0:41)
  m - a magic marker (0:22)
  H - an uncursed oil lamp
  p - an uncursed towel
 Gems/Stones  ('*')
  J - an uncursed worthless piece of blue glass
  n - an uncursed worthless piece of green glass
  G - an uncursed worthless piece of orange glass

GdeVolpiano the Tourist's attributes:

Background:
 You were a Sightseer, a level 4 female human Tourist.
 You were neutral, on a mission for The Lady
 who was opposed by Blind Io (lawful) and Offler (chaotic).
 You were right-handed.
 You were in the Gnomish Mines, on level 5.
 You entered the dungeon 948 turns ago.
 You had 104 experience points, 56 more were needed to attain level 5.

Basics:
 You had 0 out of 32 hit points.
 You had all 14 energy points (spell power).
 Your armor class was 6.
 Your wallet contained 417 zorkmids.
 Autopickup was on for '$?!/="+' plus thrown, with exceptions.

Final Characteristics:
 Your strength was 10 (limit:18/100).
 Your dexterity was 10 (limit:18).
 Your constitution was 16 (limit:18).
 Your intelligence was 14 (limit:18).
 Your wisdom was 10 (limit:18).
 Your charisma was 16 (limit:18).

Final Status:
 You weren't hungry.
 You were unencumbered.
 You were wielding a short sword.
 You were unskilled in short sword.

Final Attributes:
 You were devoutly aligned.
 You were level-drain resistant.
 You were very fast.
 You are dead.

Miscellaneous:
 You didn't encounter any bones levels.
 Total elapsed playing time was 9 minutes and 5 seconds.

Major events:
 Turn
    1: GdeVolpiano the neutral female human Tourist entered the dungeon
  818: attained the rank of Sightseer (level 3)
  921: entered the Gnomish Mines
  948: killed by a dwarf

You didn't know any spells.

Skills:
 Fighting Skills
   bare handed combat [Unskilled]
   two weapon combat  [Unskilled]
   riding             [Unskilled]
 Weapon Skills
   dagger             [Unskilled]
   knife              [Unskilled]
   axe                [Unskilled]
   pick-axe           [Unskilled]
   short sword        [Unskilled]
   broadsword         [Unskilled]
   long sword         [Unskilled]
   two-handed sword   [Unskilled]
   saber              [Unskilled]
   mace               [Unskilled]
   morning star       [Unskilled]
   flail              [Unskilled]
   hammer             [Unskilled]
   quarterstaff       [Unskilled]
   polearms           [Unskilled]
   spear              [Unskilled]
   trident            [Unskilled]
   lance              [Unskilled]
   bow                [Unskilled]
   sling              [Unskilled]
   crossbow           [Unskilled]
   dart               [Basic]
   shuriken           [Unskilled]
   boomerang          [Unskilled]
   whip               [Unskilled]
   unicorn horn       [Unskilled]
 Spellcasting Skills
   divination spells  [Unskilled]
   enchantment spells [Unskilled]
   escape spells      [Unskilled]

Voluntary challenges:
 Character rerolling was not enabled.
 You were an atheist.
 You were illiterate.
 You never genocided any monsters.
 You never polymorphed an object.
 You never changed form.
 You used no wishes.
Achievements:
 You entered a shop.
 You attained the rank of Sightseer.
 You entered the Gnomish Mines.

 The Dungeons of Doom: levels 1 to 5
    Level 1: "vault"
       A fountain.
    Level 2:
       An armor shop.
    Level 3:
       A weapon shop, a fountain.
    Level 4:
       Stairs down to The Gnomish Mines.
    Level 5:
 The Gnomish Mines:
    Level 5: <- You were here.
       Final resting place for
          you, killed by a dwarf.


Vanquished creatures:
  2 gnome leaders
  a dwarf
 an iguana
  2 hobgoblins
  a gnome
  a fox
  a kobold
  a sewer rat
  4 lichens
  4 newts
18 creatures vanquished.

No species were genocided or became extinct.

Game over:
                       ----------
                      /          \
                     /    REST    \
                    /      IN      \
                   /     PEACE      \
                  /                  \
                  |   GdeVolpiano    |
                  |      417 Au      |
                  |   killed by a    |
                  |      dwarf       |
                  |                  |
                  |                  |
                  |       2026       |
                 *|     *  *  *      | *
        _________)/\\_//(\/(/\)/\//\/|_)_______

Aloha GdeVolpiano the Tourist...

You died in The Gnomish Mines on dungeon level 5 with 634 points,
and 417 pieces of gold, after 948 moves.
You were level 4 with a maximum of 32 hit points when you died.

